 Dungeon Crawl Stone Soup version 0.29-a0-553-g81b289dbe5 (webtiles) character file.

Game seed: 3831711486059221605

57 Hubjo the Insei (level 3, 0/27 HPs)
             Began as a Demonspawn Transmuter on June 6, 2022.
             Was a Follower of Qazlal.
             Slain by Terence
             ... wielding a +0 mace
              (6 damage)
             ... on level 2 of the Dungeon.
             The game lasted 00:02:32 (2578 turns).

Hubjo the Insei (Demonspawn Transmuter)             Turns: 2578, Time: 00:02:33

Health: 0/27       AC:  2    Str: 14 (16) XL:     3   Next: 73%
Magic:  6/6        EV: 12    Int: 12 (14) God:    Qazlal [*.....]
Gold:   109        SH:  2    Dex: 12 (15) Spells: 5/6 levels left

rFire   . . .      SeeInvis .     - Unarmed
rCold   . . .      Faith    .   (no shield)
rNeg    . . .      Spirit   .   a - +0 robe
rPois   .          Reflect  .   (helmet currently unavailable)
rElec   .          Harm     .   (no cloak)
rCorr   .          Rampage  .   (no gloves)
Will    .....                   (boots currently unavailable)
Stlth   +.........              (no amulet)
HPRegen 0.09/turn               h - +6 ring of strength
MPRegen 0.10/turn               (no ring)

@: appendages (expiring), weak-willed, flying, hasted, very quick
A: horns 2, talons 2, claws 1
a: End Transformation, Renounce Religion


You were on level 2 of the Dungeon.
You worshipped Qazlal.
Qazlal was aware of your devotion.
You had temporarily grown beastly horns and talons.
You visited 1 branch of the dungeon, and saw 2 of its levels.

You collected 109 gold pieces.

Inventory:

Armour
 a - a +0 robe (worn)
Jewellery
 h - a +6 ring of strength (left claw)
 j - an amulet of regeneration
Scrolls
 e - 2 scrolls of identify {unknown}
Potions
 b - 2 potions of lignification


   Skills:
 + Level 2.2 Fighting
 - Level 1.7 Dodging
 + Level 1.1 Stealth
 + Level 3.0 Unarmed Combat
 + Level 2.3 Spellcasting
 * Level 2.2 Transmutations


You had 5 spell levels left.
You knew the following spells:

 Your Spells              Type           Power      Damage    Failure   Level
a - Beastly Appendage     Tmut           12%        N/A       11%         1

Your spell library contained the following spells:

 Spells                   Type           Power      Damage    Failure   Level
 Wereblood                Tmut           6%         N/A       16%         2
 Foxfire                  Conj/Fire      4%         2x1d4     26%         1
 Spider Form              Tmut/Pois      4%         N/A       45%         3
 Confusing Touch          Hex            1%         N/A       63%         3
 Ice Form                 Ice/Tmut       4%         N/A       86%         4
 Yara's Violent Unravell  Hex/Tmut       2%         3d3       99%         5
 Enfeeble                 Hex            0%         N/A       100%        7


Dungeon Overview and Level Annotations

Branches:
Dungeon (2/15)

Altars:
Qazlal

Annotations:
D:2 Terence


Innate Abilities, Weirdness & Mutations

You have temporarily grown beastly horns and talons.
You have sharp fingernails.


Message History

You are too injured to fight recklessly!
You are too injured to fight recklessly!
You are too injured to fight recklessly!
It was a potion of flight.
You feel very buoyant.
You fly up into the air.
Your transformation is almost over.
Terence barely misses you.
It was a potion of degeneration.
There was something very wrong with that liquid.
You feel weakened.
You feel dopey.
You feel clumsy. The frilled lizard bites you.
* * * LOW HITPOINT WARNING * * *
You block Terence's attack.
It was a potion of curing.
You feel better.
The frilled lizard bites you but does no damage.
Terence hits you with a +0 mace.
It was a potion of haste.
You feel yourself speed up. The frilled lizard closely misses you.
Terence barely misses you.
You scratch Terence. You claw Terence, but do no damage.
You headbutt Terence, but do no damage.
Terence is lightly wounded.
Terence hits you with a +0 mace.
* * * LOW HITPOINT WARNING * * *
The frilled lizard closely misses you.
You closely miss Terence.
Terence is lightly wounded.
Terence hits you with a +0 mace.
* * * LOW HITPOINT WARNING * * *
You block the frilled lizard's attack.
It was a potion of magic.
Magic courses through your body.
As you read the scroll labelled QERHOTRUJARR, it crumbles to dust.
Magic quickly surges around you.
It was a scroll of vulnerability.
A goblin comes into view. It is wielding a +0 club.
The frilled lizard closely misses you. Terence closely misses you.
This is a scroll of acquirement!
You see here a book of Lightning.
Something appears at your feet!
The goblin shouts!
The frilled lizard misses you. Terence hits you with a +0 mace.
You die...

....#.##.# #.#
###.#.##.# #.# #
#.#.##.# #.# #
#.#.##.# #.# #
#.#.##.#######.#######
#
#.#...................
#
#.####.#######.#######
#.# #.# #.# #.# #.#
#@# #.# #.#.....l@#
#.# #.#####.... #.#
#.# #.?..#g #.# #.#
#.##.... #.####.# #.
### ## #......# #
########


You could see Terence (weak-willed), a goblin and a frilled lizard
(weak-willed).

Vanquished Creatures
  2 adders (D:2)
  2 worms (D:2)
  7 ball pythons
  4 endoplasms (D:2)
  2 giant cockroaches
  2 goblins (D:1)
  5 hobgoblins
  2 quokkas
  3 bats
  A frilled lizard (D:2)
  A kobold (D:2)
  2 rats (D:2)
33 creatures vanquished.

Notes
Turn   | Place    | Note
-------+----------+-------------------------------------------
     0 | D:1      | Hubjo the Demonspawn Transmuter began the quest for the
                  | Orb.
     0 | D:1      | Reached XP level 1. HP: 15/15 MP: 3/3
     3 | D:1      | Noticed an electric eel
     4 | D:1      | Noticed an electric eel
   636 | D:1      | Gained mutation: You have sharp fingernails. [demonic
                  | ancestry]
   636 | D:1      | Reached XP level 2. HP: 16/21 MP: 1/5
   944 | D:1      | Found a faded altar of an unknown god.
   948 | D:1      | Got Plato's Compendium of Arcane Weapons
  1300 | D:1      | Prayed at the altar of an unknown god.
  1300 | D:1      | Became a worshipper of Qazlal Stormbringer
  1300 | D:1      | Reached * piety under Qazlal
  1650 | D:2      | Reached XP level 3. HP: 20/27 MP: 4/6
  1829 | D:2      | Reached skill level 1 in Stealth
  1972 | D:2      | Reached skill level 3 in Unarmed Combat
  2565 | D:2      | Noticed Terence
  2578 | D:2      | Identified a scroll of acquirement
  2578 | D:2      | Acquired a book of Lightning
  2578 | D:2      | Slain by Terence

Illustrated notes

Levels and vault maps discovered:
D:1:      arrival_aquarium_b, layout_loops_ring,
          shapermc_ecumenical_altar_rom_forum,
          nicolae_concentric_dashed_squares_wild, hangedman_decor_growths,
          minmay_misc_feat_secret_circle
D:2:      layout_basic, roderic_roman_lattice, uniq_terence

Skill      XL: |  1  2  3 |
---------------+----------+-----
Transmutations | 2 |  2.2
Fighting       | 2 |  2.2
Stealth        | 1 |  1.1
Unarmed Combat | 3 |  3.0
Dodging        | |  1.7
Spellcasting   | |  2.3

Action                   || total
-------------------------++-------
Melee: Unarmed           ||    86
       Kick              ||    15
       Headbutt          ||    13
       Punch             ||     4
 Cast: Beastly Appendage ||    35
  Use: Potion            ||     5
       Scroll            ||     2
Armor: Robe              ||    19
Dodge: Dodged            ||    42
Block: Other             ||     3

Table legend: (Time is in decaauts)
 A = Elapsed time spent in this place.
 B = Non-inter-level travel time spent in this place.
 C = Inter-level travel time spent in this place.
 D = Time resting spent in this place.
 E = Time spent auto-exploring this place.
 F = Levels seen in this place.
 G = Mean time per level.
                   A        B        C        D        E       F      G
               +--------+--------+--------+--------+--------+-----+--------+
         Total |   2571 |   2462 |    109 |      0 |   2153 |   2 | 1285.5 |
       Dungeon |   2571 |   2462 |    109 |      0 |   2153 |   2 | 1285.5 |
               +--------+--------+--------+--------+--------+-----+--------+

Top non-repeatable levels by time:
     D:1: 1343 daAuts
     D:2: 1227 daAuts
